 Dungeon Sprint DCSS version 0.31.0-12-g77e489cdc1 (webtiles) character file.

Game seed: 8422862839892537118

6400000 Groucho the Intangible (level 26, -23/169 HPs)
             Began as a Spriggan Gladiator on Feb 25, 2024.
             Was the Champion of Makhleb.
             Annihilated by a large bag of meat
             ... wielding a +9 giant spiked club
              (36 damage)
             ... in the Dungeon (Sprint VIII: "Arena of Blood").
             The game lasted 00:03:21 (64 turns).

Groucho the Intangible (Spriggan Gladiator)           Turns: 64, Time: 00:03:22

Health: -23/169    AC:  4    Str: 10    XL:     26   Next: 75%
Magic:  24/54      EV: 49    Int: 13    God:    Makhleb [******]
Gold:   0          SH:  0    Dex: 25    Spells: 77/77 levels left

rFire   . . .        l - +∞ Axe of Woe
rCold   . . .        (shield currently unavailable)
rNeg    . . .        b - +0 robe
rPois   .            c - +0 hat
rElec   .            (no cloak)
rCorr   .            (gloves unavailable)
SInv    +            (boots unavailable)
Will    ++++.        (no amulet)
Stlth   ++           (no ring)
HPRegen 0.48/turn    (no ring)
MPRegen 0.34/turn

%: no teleportation
@: slowed, quick
A: very small, no large weapons, unfitting armour, see invisible, speed 3
a: Renounce Religion, Minor Destruction, Lesser Servant of Makhleb, Major
Destruction, Greater Servant of Makhleb


You were in the Dungeon.
You worshipped Makhleb.
Makhleb was exalted by your worship.
You visited 1 branch

Inventory:

Hand Weapons
 a - a +0 war axe
 l - the +∞ Axe of Woe (weapon)
   (You found it in the Dungeon)
Missiles
 d - 3 throwing nets (quivered)
 e - 2 boomerangs
Armour
 b - a +0 robe (worn)
 c - a +0 hat (worn)
Jewellery
 m - a +30 ring of slaying
Scrolls
 k - a scroll of blinking
Potions
 f - a potion of curing
 g - a potion of heal wounds
 h - a potion of haste
 i - 2 potions of magic
 j - a potion of berserk rage


   Skills:
 O Level 27 Fighting
 + Level 26.0(27) Short Blades
 + Level 19.2(22.8) Long Blades
 O Level 27 Axes
 + Level 17.7(25.5) Maces & Flails
 + Level 17.7(25.5) Polearms
 + Level 17.7(23.0) Staves
 + Level 22.4 Ranged Weapons
 + Level 22.7 Throwing
 O Level 27 Armour
 O Level 27 Dodging
 + Level 17.9 Shields
 + Level 19.4 Unarmed Combat
 + Level 26.3 Spellcasting
 + Level 18.0 Conjurations
 O Level 27 Hexes
 + Level 20.6 Summonings
 + Level 22.3 Necromancy
 O Level 27 Translocations
 + Level 20.7 Fire Magic
 + Level 20.7 Ice Magic
 + Level 22.3 Air Magic
 + Level 22.3 Earth Magic
 + Level 26.0 Alchemy
 O Level 27 Invocations
 O Level 27 Evocations
 O Level 27 Shapeshifting


You had 77 spell levels left.
You didn't know any spells.
Your spell library was empty.

Dungeon Overview and Level Annotations

Branches:
Dungeon (1/1)

Altars:
Makhleb


Innate Abilities, Weirdness & Mutations

You are very small and have problems with some larger weapons.
You are too small for most types of armour.
You have supernaturally acute eyesight. (SInv)
You cover ground extremely quickly. (Speed+++)


Message History

You feel extremely nervous for a moment...
Pain shoots through your body!!
You are engulfed in blazing flames.
An eight-headed meat hydra comes into view.
Your base Short Blades skill gained 2 levels and is now at level 26!
Your base Long Blades skill increases to level 19!
Your base Maces & Flails skill increases to level 17!
Your base Polearms skill increases to level 17!
Your base Staves skill increases to level 17!
Your Ranged Weapons skill increases to level 22!
Your Throwing skill increases to level 22!
Your Shields skill increases to level 17!
Your Unarmed Combat skill increases to level 19!
Your Spellcasting skill gained 2 levels and is now at level 26!
Your Conjurations skill gained 2 levels and is now at level 18!
You have mastered Hexes!
Your Summonings skill increases to level 20!
Your Necromancy skill increases to level 22!
Your Fire Magic skill increases to level 20!
Your Ice Magic skill increases to level 20!
Your Air Magic skill increases to level 22!
Your Earth Magic skill increases to level 22!
Your Alchemy skill gained 2 levels and is now at level 26!
You have mastered Shapeshifting!
You slash the tyrant!
You slaughter the tyrant joyfully.
You destroy the tyrant!
Makhleb accepts your kill.
You feel better.
You are engulfed in blazing flames.
The meat berserker is engulfed in blazing flames.
A meat berserker comes into view. It is wielding a +9 battleaxe.
A bag of meat comes into view. It is wielding a +9 war axe. x3
A dread comes into view.
The tyrant casts a spell.
The tyrant seems to speed up.
The meat berserker is engulfed in blazing flames.
The meat berserker hits you with a +9 battleaxe!!
The large bag of meat is engulfed in blazing flames.
The large bag of meat hits you with a +9 giant spiked club!!!!
* * * LOW HITPOINT WARNING * * *
The large bag of meat hits you with a +9 giant spiked club!!!
You die...

.. .. .. ...oo
#. ..O# #.o
.o.# . O###o.
ooL###..
..o.z.###.o....
.OO.OV°_2.o....
#.)OoO# #§°@°_#
#§°O°.#
....§o_°OO..
......###Oo....
.###.. .o§###V.
#.W ...# o #D.
...# .. ....o


You could see a meat beast (fast), a tyrant (fast), an eight-headed meat hydra,
2 destroyers, a sculptor of flesh, 3 large bags of meat, a dread (wandering), 7
meat berserkers and 14 bags of meat.

Vanquished Creatures
  3 royal mummies (D)
  10 vampire knights (D)
  22 ogres (D)
  5 two-headed ogres (D)
  A lich (D)
  55 orcs (D)
  2 skeletal warriors (D)
98 creatures vanquished.

Notes
Turn   | Place    | Note
-------+----------+-------------------------------------------
     0 | D        | Found the +∞ Axe of Woe
     0 | D        | Groucho the Spriggan Gladiator began the quest for the Orb.
     0 | D        | Reached XP level 1. HP: 10/10 MP: 2/2
     4 | D        | Became a worshipper of Makhleb the Destroyer
     4 | D        | Noticed a bag of meat
     4 | D        | Noticed a bag of meat
     4 | D        | Noticed a bag of meat
     5 | D        | Noticed a bag of meat
     6 | D        | Noticed a bag of meat
     9 | D        | Noticed a bag of meat
    10 | D        | Killed a bag of meat
    11 | D        | Reached skill level 15 in Axes
    11 | D        | Reached XP level 2. HP: 14/14 MP: 3/3
    11 | D        | Reached XP level 3. HP: 18/18 MP: 4/4
    11 | D        | Reached XP level 4. HP: 22/22 MP: 5/5
    11 | D        | Reached XP level 5. HP: 25/25 MP: 6/6
    11 | D        | Reached XP level 6. HP: 30/30 MP: 7/7
    11 | D        | Reached XP level 7. HP: 33/33 MP: 8/8
    11 | D        | Reached XP level 8. HP: 37/37 MP: 9/9
    11 | D        | Reached XP level 9. HP: 41/41 MP: 10/10
    11 | D        | Reached XP level 10. HP: 46/46 MP: 11/11
    11 | D        | Killed a bag of meat
    11 | D        | Reached * piety under Makhleb
    11 | D        | Killed a bag of meat
    11 | D        | Killed a bag of meat
    11 | D        | Noticed a bag of meat
    11 | D        | Noticed a meat berserker
    12 | D        | Reached skill level 27 in Dodging
    12 | D        | Reached XP level 11. HP: 49/49 MP: 12/12
    12 | D        | Reached XP level 12. HP: 53/53 MP: 13/13
    12 | D        | Reached XP level 13. HP: 57/57 MP: 14/14
    12 | D        | Killed a bag of meat
    12 | D        | Reached ** piety under Makhleb
    15 | D        | Killed a meat berserker
    15 | D        | Killed a bag of meat
    15 | D        | Killed a bag of meat
    15 | D        | Reached *** piety under Makhleb
    16 | D        | Reached skill level 27 in Axes
    16 | D        | Reached XP level 14. HP: 76/76 MP: 15/15
    16 | D        | Noticed a bag of meat
    16 | D        | Noticed a bag of meat
    17 | D        | Noticed a bag of meat
    18 | D        | Noticed a bag of meat
    19 | D        | Noticed a bag of meat
    19 | D        | Noticed a bag of meat
    19 | D        | Noticed a meat berserker
    20 | D        | Noticed a bag of meat
    20 | D        | Noticed a meat berserker
    20 | D        | Noticed a bag of meat
    21 | D        | Noticed a large bag of meat
    21 | D        | Noticed a bag of meat
    22 | D        | Killed a large bag of meat
    22 | D        | Noticed a bag of meat
    22 | D        | Noticed a bag of meat
    23 | D        | Reached XP level 15. HP: 23/86 MP: 16/16
    23 | D        | Reached **** piety under Makhleb
    23 | D        | Noticed a meat berserker
    24 | D        | Reached skill level 15 in Fighting
    24 | D        | Noticed a destroyer
    24 | D        | Noticed a meat berserker
    25 | D        | Reached skill level 15 in Armour
    25 | D        | Killed a meat berserker
    25 | D        | Noticed a destroyer
    25 | D        | Noticed a large bag of meat
    26 | D        | Reached XP level 16. HP: 52/101 MP: 17/17
    26 | D        | Noticed a meat berserker
    26 | D        | Noticed a destroyer
    27 | D        | Noticed a meat berserker
    27 | D        | Noticed a meat berserker
    28 | D        | Killed a meat berserker
    28 | D        | Noticed a meat berserker
    29 | D        | Reached ***** piety under Makhleb
    29 | D        | Noticed a meat berserker
    29 | D        | Noticed a meat berserker
    29 | D        | Noticed a destroyer
    30 | D        | Killed a destroyer
    30 | D        | Killed a destroyer
    30 | D        | Noticed a meat berserker
    31 | D        | Reached XP level 17. HP: 74/121 MP: 18/18
    31 | D        | Killed a meat berserker
    32 | D        | Reached skill level 27 in Fighting
    32 | D        | Reached skill level 27 in Armour
    32 | D        | Reached XP level 18. HP: 119/127 MP: 18/26
    32 | D        | Noticed a large bag of meat
    33 | D        | Killed a destroyer
    33 | D        | Reached ****** piety under Makhleb
    34 | D        | Killed a meat berserker
    35 | D        | Reached skill level 27 in Invocations
    35 | D        | Noticed a sculptor of flesh
    35 | D        | Killed a meat berserker
    35 | D        | Killed a meat berserker
    36 | D        | Reached skill level 5 in Short Blades
    36 | D        | Reached skill level 5 in Throwing
    36 | D        | Reached skill level 5 in Spellcasting
    36 | D        | Reached skill level 5 in Alchemy
    36 | D        | Reached XP level 19. HP: 113/132 MP: 18/37
    36 | D        | Killed a meat berserker
    36 | D        | Killed a meat berserker
    36 | D        | Noticed a destroyer
    36 | D        | Noticed a meat berserker
    37 | D        | Reached skill level 5 in Long Blades
    37 | D        | Reached skill level 5 in Maces & Flails
    37 | D        | Reached skill level 5 in Polearms
    37 | D        | Reached skill level 5 in Staves
    37 | D        | Reached skill level 5 in Shields
    37 | D        | Reached skill level 5 in Unarmed Combat
    37 | D        | Reached skill level 5 in Conjurations
    37 | D        | Reached skill level 10 in Translocations
    37 | D        | Reached skill level 10 in Evocations
    38 | D        | Killed a meat berserker
    38 | D        | Killed a meat berserker
    38 | D        | Noticed a destroyer
    38 | D        | Noticed a large bag of meat
    38 | D        | Noticed a large bag of meat
    39 | D        | Reached skill level 10 in Short Blades
    39 | D        | Reached skill level 10 in Spellcasting
    39 | D        | Reached skill level 10 in Alchemy
    39 | D        | Reached XP level 20. HP: 120/137 MP: 19/38
    39 | D        | Killed a meat berserker
    39 | D        | Killed a destroyer
    40 | D        | Reached skill level 10 in Ranged Weapons
    40 | D        | Reached skill level 10 in Throwing
    40 | D        | Reached skill level 10 in Necromancy
    40 | D        | Reached skill level 15 in Translocations
    40 | D        | Reached skill level 10 in Air Magic
    40 | D        | Reached skill level 10 in Earth Magic
    40 | D        | Killed a destroyer
    40 | D        | Noticed a destroyer
    41 | D        | Reached skill level 10 in Summonings
    41 | D        | Reached skill level 10 in Fire Magic
    41 | D        | Reached skill level 10 in Ice Magic
    41 | D        | Reached skill level 15 in Evocations
    41 | D        | Reached XP level 21. HP: 131/142 MP: 19/39
    41 | D        | Killed a large bag of meat
    42 | D        | Reached skill level 15 in Hexes
    42 | D        | Reached skill level 15 in Shapeshifting
    43 | D        | Reached skill level 10 in Long Blades
    43 | D        | Reached skill level 10 in Unarmed Combat
    44 | D        | Reached skill level 15 in Short Blades
    44 | D        | Reached skill level 15 in Alchemy
    44 | D        | Noticed an accursed
    45 | D        | Reached skill level 10 in Maces & Flails
    45 | D        | Reached skill level 10 in Polearms
    45 | D        | Reached skill level 10 in Staves
    45 | D        | Reached skill level 10 in Shields
    45 | D        | Reached skill level 15 in Spellcasting
    45 | D        | Reached skill level 10 in Conjurations
    45 | D        | Reached XP level 22. HP: 136/148 MP: 20/42
    45 | D        | Noticed a destroyer
    46 | D        | Noticed an accursed
    46 | D        | Killed an accursed
    47 | D        | Killed a destroyer
    47 | D        | Killed a large bag of meat
    48 | D        | Reached skill level 15 in Ranged Weapons
    48 | D        | Reached skill level 15 in Throwing
    48 | D        | Reached skill level 15 in Necromancy
    48 | D        | Reached skill level 15 in Air Magic
    48 | D        | Reached skill level 15 in Earth Magic
    48 | D        | Reached XP level 23. HP: 106/153 MP: 20/46
    49 | D        | Reached skill level 15 in Summonings
    49 | D        | Reached skill level 15 in Fire Magic
    49 | D        | Reached skill level 15 in Ice Magic
    49 | D        | Killed a large bag of meat
    49 | D        | Killed a large bag of meat
    49 | D        | Noticed a destroyer
    50 | D        | Noticed a destroyer
    51 | D        | Noticed a destroyer
    52 | D        | Reached XP level 24. HP: 125/158 MP: 21/47
    52 | D        | Killed a destroyer
    52 | D        | Noticed a large bag of meat
    53 | D        | Reached skill level 15 in Long Blades
    53 | D        | Reached skill level 15 in Unarmed Combat
    53 | D        | Noticed a large bag of meat
    53 | D        | Noticed a tyrant
    54 | D        | Reached skill level 27 in Translocations
    54 | D        | Killed a destroyer
    54 | D        | Noticed an accursed
    55 | D        | Noticed a large bag of meat
    56 | D        | Reached skill level 15 in Maces & Flails
    56 | D        | Reached skill level 15 in Polearms
    56 | D        | Reached skill level 15 in Staves
    56 | D        | Reached skill level 15 in Shields
    56 | D        | Reached skill level 15 in Conjurations
    56 | D        | Reached XP level 25. HP: 152/163 MP: 22/50
    56 | D        | Killed a destroyer
    58 | D        | Reached skill level 27 in Evocations
    58 | D        | Noticed an accursed
    58 | D        | Noticed a tyrant
    59 | D        | Noticed a large bag of meat
    61 | D        | Noticed a meat beast
    63 | D        | Reached XP level 26. HP: 155/169 MP: 24/52
    63 | D        | Killed a destroyer
    63 | D        | Killed an accursed
    63 | D        | Killed an accursed
    64 | D        | Reached skill level 27 in Hexes
    64 | D        | Reached skill level 27 in Shapeshifting
    64 | D        | Killed a tyrant
    64 | D        | Noticed a dread
    64 | D        | Annihilated by a large bag of meat

Illustrated notes

Levels and vault maps discovered:
D:        meatsprint

Skill      XL: |  1  2  3  4  5  6  7  8  9 10 11 12 13 14 15 16 17 18 19 20 21 22 23 24 25 26 |
---------------+-------------------------------------------------------------------------------+-----
Axes           | 15 22 27 | 27.0
Dodging        | 23 27 | 27.0
Fighting       | 9 13 18 26 27 | 27.0
Armour         | 8 12 17 24 27 | 27.0
Invocations    | 9 27 | 27.0
Short Blades   | 5 10 12 15 18 20 22 24 26 | 26.0
Long Blades    | 3 7 9 10 13 14 16 18 19 | 19.2
Maces & Flails | 3 6 8 10 12 13 15 16 17 | 17.7
Polearms       | 3 6 8 10 12 13 15 16 17 | 17.7
Staves         | 3 6 8 10 12 13 15 16 17 | 17.7
Ranged Weapons | 4 8 10 12 15 17 19 21 22 | 22.4
Throwing       | 5 9 10 13 15 17 19 21 22 | 22.7
Shields        | 3 6 8 10 12 13 15 16 17 | 17.9
Unarmed Combat | 3 7 9 10 13 14 16 18 19 | 19.4
Spellcasting   | 5 10 12 15 18 19 22 24 26 | 26.3
Conjurations   | 3 6 8 10 12 13 15 16 18 | 18.0
Hexes          | 6 11 14 16 19 22 24 26 27 | 27.0
Summonings     | 4 8 10 12 14 16 18 19 20 | 20.6
Necromancy     | 4 8 10 13 15 17 19 21 22 | 22.3
Translocations | 7 13 16 19 23 25 27 | 27.0
Fire Magic     | 4 8 10 12 14 16 18 19 20 | 20.7
Ice Magic      | 4 8 10 12 14 16 18 19 20 | 20.7
Air Magic      | 4 8 10 13 15 17 19 21 22 | 22.3
Earth Magic    | 4 8 10 13 15 17 19 21 22 | 22.3
Alchemy        | 5 10 12 15 18 20 22 24 26 | 26.0
Evocations     | 6 12 15 18 21 23 26 27 | 27.0
Shapeshifting  | 6 11 14 16 19 22 24 26 27 | 27.0

Action                     |  1- 3 |  4- 6 |  7- 9 | 10-12 | 13-15 | 16-18 | 19-21 | 22-24 | 25-27 || total
---------------------------+-------+-------+-------+-------+-------+-------+-------+-------+-------++-------
  Melee: Broad axe         |     1 |       |       |     1 |     6 |     8 |     8 |    10 |     8 ||    42
 Armour: Robe              |       |       |       |       |     5 |    11 |    10 |    14 |    12 ||    52
